 Dungeon Sprint DCSS version 0.30-a0-830-gfe289a77b0 (webtiles) character file.

Game seed: 9425871187684454923

464 retardedninja the Protected (level 6, 0/66 HPs)
             Began as a Minotaur Fighter on Feb 28, 2023.
             Slain by a yak (14 damage)
             ... in the Dungeon (Sprint I: "Red Sonja").
             The game lasted 00:01:10 (759 turns).

retardedninja the Protected (Minotaur Fighter)       Turns: 759, Time: 00:01:10

Health: 0/66       AC:  8    Str: 23    XL:     6   Next: 80%
Magic:  5/5        EV:  9    Int:  5    God:
Gold:   162        SH:  6    Dex:  9    Spells: 5/5 levels left

rFire   . . .      SeeInvis .    a - +0 war axe
rCold   . . .      Faith    .    c - +0 buckler
rNeg    . . .      Spirit   .    b - +0 scale mail
rPois   .          Reflect  .    (helmet restricted)
rElec   .          Harm     .    (no cloak)
rCorr   .          Rampage  .    (no gloves)
Will    .....      NoTele   +    (no boots) Stlth
                                 (no amulet)
HPRegen 0.31/turn                (no ring)
MPRegen 0.09/turn                (no ring)

@: no status effects
A: horns 2, retaliatory headbutt
a: no special abilities


You were in the Dungeon.
You visited 1 branch You collected 162 gold pieces.

Inventory:

Hand Weapons
 a - a +0 war axe (weapon)
Armour
 b - a +0 scale mail (worn)
 c - a +0 buckler (worn)
Wands
 k - a wand of digging (5)
Scrolls
 j - a scroll of blinking
Potions
 d - a potion of might
 e - a potion of curing
 f - a potion of heal wounds
 g - a potion of haste
 h - 2 potions of magic
 i - a potion of berserk rage


   Skills:
 + Level 9.7 Fighting
 + Level 7.9 Axes
 + Level 10.1 Armour
 - Level 0.4 Dodging
 + Level 9.6 Shields


You had 5 spell levels left.
You didn't know any spells.
Your spell library was empty.

Dungeon Overview and Level Annotations

Branches:
Dungeon (1/1)

Altars:
Cheibriados
Dithmenos
Elyvilon
Fedhas
Hepliaklqana
Kikubaaqudgha
Makhleb
Okawaru
Qazlal
Ru
Sif Muna
Trog
Uskayaw
Vehumet
Wu Jian
Xom
Yredelemnul
Zin
The Shining One
Jiyva
Lugonu

Shops:
D (


Innate Abilities, Weirdness & Mutations

You have a pair of horns on your head.
You reflexively headbutt those who attack you in melee.


Message History

You are no longer corroded.
You start resting.
HP restored.
You start waiting.
Done waiting.
g - a potion of haste
There is an ornate altar of the Wu Jian Council here.
You open the door.
A yak comes into view.
The yak bellows!
Found Batritea's Antique Weapon Emporium.
Found fourteen altars.
You hit the yak but do no damage. The yak gores you but does no damage.
The yak gores you!
You slash the yak!
The yak is moderately wounded.
The yak gores you!
You hit the yak but do no damage.
The yak is moderately wounded.
The yak gores you!
You slash the yak!
The yak is severely wounded.
The yak gores you!
You hit the yak.
The yak is severely wounded.
The yak gores you.
You hit the yak but do no damage. Your headbutt misses the yak.
The yak is severely wounded.
The yak barely misses you.
You hit the yak but do no damage.
The yak is severely wounded.
You block the yak's attack.
You barely miss the yak.
The yak is severely wounded.
The yak gores you!
* * * LOW HITPOINT WARNING * * *
You barely miss the yak.
The yak is severely wounded.
The yak gores you but does no damage. The yak gores you!
You die...

###################
#<.#..').#..'..#__#
#..').#..').#..'..+
#..#####'#####'#__#
#..# #..# #)####
#..#__#### ##.#
#..#_____##+#_.+
#⌠⌠#_.∩...Y@.._#
####_..__##_.#+#
___ ##+# #


You could see a yak.

Vanquished Creatures
  A slime creature (D)
  Sigmund (D)
  An ogre (D)
  A jelly (D)
  Ijyb (D)
5 creatures vanquished.

Notes
Turn   | Place    | Note
-------+----------+-------------------------------------------
     0 | D        | retardedninja the Minotaur Fighter began the quest for the
                  | Orb.
     0 | D        | Reached XP level 1. HP: 19/19 MP: 0/0
     6 | D        | Noticed Ijyb
    13 | D        | Killed Ijyb
    14 | D        | Reached skill level 5 in Fighting
    14 | D        | Reached skill level 5 in Armour
    14 | D        | Reached skill level 5 in Shields
    14 | D        | Reached XP level 2. HP: 19/29 MP: 1/1
   258 | D        | Noticed an ogre
   265 | D        | Killed an ogre
   266 | D        | Reached skill level 7 in Armour
   266 | D        | Reached XP level 3. HP: 38/38 MP: 2/2
   266 | D        | Reached XP level 4. HP: 45/45 MP: 3/3
   278 | D        | Noticed Sigmund
   290 | D        | Killed Sigmund
   291 | D        | Reached skill level 9 in Armour
   291 | D        | Reached XP level 5. HP: 36/56 MP: 4/4
   291 | D        | Reached XP level 6. HP: 39/62 MP: 5/5
   489 | D        | Found a burning altar of Makhleb.
   489 | D        | Found a viscous altar of Jiyva.
   489 | D        | Found a shimmering altar of Xom.
   489 | D        | Found a corrupted altar of Lugonu.
   489 | D        | Noticed a slime creature
   499 | D        | Killed a slime creature
   500 | D        | Reached skill level 10 in Armour
   545 | D        | Found an ornate altar of the Wu Jian Council.
   545 | D        | Found a shimmering blue altar of Sif Muna.
   547 | D        | Found a radiant altar of Vehumet.
   750 | D        | Found Batritea's Antique Weapon Emporium.
   750 | D        | Found an ancient bone altar of Kikubaaqudgha.
   750 | D        | Found a hazy altar of Hepliaklqana.
   750 | D        | Found a stormy altar of Qazlal.
   750 | D        | Found a hide-covered altar of Uskayaw.
   750 | D        | Found a blossoming altar of Fedhas.
   750 | D        | Found a bloodstained altar of Trog.
   750 | D        | Found an iron altar of Okawaru.
   750 | D        | Found a basalt altar of Yredelemnul.
   750 | D        | Found a glowing golden altar of the Shining One.
   750 | D        | Found a snail-covered altar of Cheibriados.
   750 | D        | Found a sacrificial altar of Ru.
   750 | D        | Found a glowing silver altar of Zin.
   750 | D        | Found a shadowy altar of Dithmenos.
   750 | D        | Found a white marble altar of Elyvilon.
   750 | D        | Noticed a yak
   759 | D        | Slain by a yak

Illustrated notes

Levels and vault maps discovered:
D:        dungeon_sprint_1 [red_sonja_temple_1, red_sonja_temple_small_1]

Skill      XL: |  1  2  3  4  5  6 |
---------------+-------------------+-----
Fighting       | 5 6 8 9 |  9.7
Axes           | 3 4 6 7 |  7.9
Armour         | 5 7 9 10 | 10.1
Shields        | 5 6 8 9 |  9.6
Dodging        | |  0.4

Action                     |  1- 3 |  4- 6 || total
---------------------------+-------+-------++-------
  Melee: War axe           |    12 |    31 ||    43
         Headbutt          |     1 |     4 ||     5
    Use: Potion            |       |     1 ||     1
 Armour: Scale mail        |     3 |     7 ||    10
  Dodge: Dodged            |     6 |     9 ||    15
  Block: Buckler           |     3 |     1 ||     4

Table legend: (Time is in decaauts)
 A = Elapsed time spent in this place.
 B = Non-inter-level travel time spent in this place.
 C = Inter-level travel time spent in this place.
 D = Time resting spent in this place.
 E = Time spent auto-exploring this place.
 F = Levels seen in this place.
 G = Mean time per level.
                   A        B        C        D        E       F      G
               +--------+--------+--------+--------+--------+-----+--------+
         Total |    755 |    755 |      0 |    641 |      0 |   1 |  755.0 |
       Dungeon |    755 |    755 |      0 |    641 |      0 |   1 |  755.0 |
               +--------+--------+--------+--------+--------+-----+--------+

Top non-repeatable levels by time:
       D: 755 daAuts
